cohdb
Replays
Latest Replays
All Replays
Popular Replays
Top Player Replays
Match Explorer
How It Works
Community
CoH3 Stats
Reddit
Sign in to upload your games and track your stats! →
Sign in with Steam
rank 100? more like rank scmhundred
Match 39217322
Overview
Messages
Build Orders
End
Panzergrenadier Squad
Panzerpioneer Squad
Selects Armored Support Battlegroup
Panzergrenadier Squad
Panzergrenadier Squad
Construct Light Support Kompanie
Fire Support Elements
Selects Veteran Gunners
Flakvierling Half-track
Panzerjäger Mechanized Group
2.5-tonne Medical Truck
Selects Salvage Kits
Veteran Squad Leaders
Panzergrenadier Squad
2.5-tonne Medical Truck
Selects Panzer Storm
Construct Panzerarmee Kommand
Selects Stuka Anti-tank Loiter
Stuka Anti-tank Loiter
Pak 38 Mechanized Group
Armored Reserves
Construct Mechanized Kompanie
Selects Flammpanzer III Medium Tank
Panzer III L Medium Tank
Stuka Anti-tank Loiter
Panzer IV Assault Group
Selects Command Panzer IV F Medium Tank
Selects Battlefield Salvage
Panzer III L Medium Tank
RunningFatKids
Monkey CPU
YangXYZ
shadow 2
Sponge Bob
bl4ckjack
CalmSassarShow
rune41
0
0
Comments
sign in to comment!
No comments posted yet!